TOP OF THE 1ST |
---|
Vista Panthers batting - Pitching for Portland Cards : RHP Manuel Fuentes | Pitching: RHP Manuel Fuentes | | Batting: RHB Justin Burgess | 0-0: Called Strike 0-1: Swinging Strike 0-2: Strikes out looking | Batting: RHB Phil Matthews | 0-0: Called Strike 0-1: Foul Ball, location: 2F 0-2: Fly out, F7 (Flyball, 78M) | Batting: LHB Dante Owens | 0-0: Ball 1-0: Foul Ball, location: 2F 1-1: Ball 2-1: Fly out, F9 (Flyball, 9LD) | Top of the 1st over - 0 runs, 0 hits, 0 errors, 0 left on base; Vista 0 - Portland 0 | BOTTOM OF THE 1ST |
---|
Portland Cards batting - Pitching for Vista Panthers : RHP Dillon Nelson | Pitching: RHP Dillon Nelson | | Batting: LHB Troy Donaldson | 0-0: Ball 1-0: Called Strike 1-1: SINGLE (Groundball, 34D) | Batting: RHB António Zúñiga | 0-0: Called Strike 0-1: Ball 1-1: Ball 2-1: Grounds into double play, 4-6-3 (Groundball, 4) | Batting: LHB Jeff Daniels | 0-0: Swinging Strike 0-1: SINGLE (Line Drive, 56) | Batting: LHB Paul Mullins | 0-0: Ball 1-0: Swinging Strike 1-1: SINGLE (Line Drive, 7LS) Jeff Daniels to second | Batting: RHB Aaron Scott | 0-0: Swinging Strike 0-1: Ball 1-1: Ball 2-1: Called Strike 2-2: Foul Ball, location: 2F 2-2: SINGLE (Groundball, 34D) Jeff Daniels to third Paul Mullins to second | Batting: LHB Chance Santry | 0-0: Called Strike 0-1: Called Strike 0-2: Ball 1-2: Foul Ball, location: 2F 1-2: Foul Ball, location: 2F 1-2: Strikes out looking | Bottom of the 1st over - 0 runs, 4 hits, 0 errors, 3 left on base; Vista 0 - Portland 0 | TOP OF THE 2ND |
---|
Vista Panthers batting - Pitching for Portland Cards : RHP Manuel Fuentes | Batting: SHB Juan Castro | 0-0: Swinging Strike 0-1: Ball 1-1: Swinging Strike 1-2: Strikes out swinging | Batting: LHB Noriaki Sangi | 0-0: Called Strike 0-1: Ball 1-1: Swinging Strike 1-2: Foul Ball, location: 2F 1-2: Foul Ball, location: 2F 1-2: Ball 2-2: Ball 3-2: Fly out, F9 (Flyball, 9D) | Batting: RHB Cisco Gatán | 0-0: Called Strike 0-1: Ball 1-1: Fly out, F8 (Line Drive, 89D) | Top of the 2nd over - 0 runs, 0 hits, 0 errors, 0 left on base; Vista 0 - Portland 0 | BOTTOM OF THE 2ND |
---|
Portland Cards batting - Pitching for Vista Panthers : RHP Dillon Nelson | Batting: RHB Jesús Gutiérrez | 0-0: Ball 1-0: Called Strike 1-1: Called Strike 1-2: Ball 2-2: Strikes out swinging | Batting: RHB Mario Méndez | 0-0: Called Strike 0-1: Fly out, F6 (Line Drive, 6) | Batting: RHB Willie Houk | 0-0: Called Strike 0-1: Ball 1-1: Called Strike 1-2: Ball 2-2: Strikes out swinging | Bottom of the 2nd over - 0 runs, 0 hits, 0 errors, 0 left on base; Vista 0 - Portland 0 | TOP OF THE 3RD |
---|
Vista Panthers batting - Pitching for Portland Cards : RHP Manuel Fuentes | Batting: RHB Griswold Coleman | 0-0: Ball 1-0: Ball 2-0: Fly out, F3 (Popup, 3S) | Batting: RHB Carlos García | 0-0: Ball 1-0: Ground out 4-3 (Groundball, 4) | Batting: LHB Ramiro Martínez | 0-0: SINGLE (Line Drive, 9S) | Batting: RHB Justin Burgess | 0-0: Called Strike 0-1: Ball 1-1: Foul Ball, location: 2F 1-2: Fly out, F7 (Line Drive, 78D) | Top of the 3rd over - 0 runs, 1 hit, 0 errors, 1 left on base; Vista 0 - Portland 0 | BOTTOM OF THE 3RD |
---|
Portland Cards batting - Pitching for Vista Panthers : RHP Dillon Nelson | Batting: LHB Troy Donaldson | 0-0: SOLO HOME RUN (Flyball, 7D), Distance : 356 ft | Batting: RHB António Zúñiga | 0-0: Ball 1-0: Ball 2-0: Foul Ball, location: 2F 2-1: Foul Ball, location: 2F 2-2: Ball 3-2: Fly out, F9 (Flyball, 89D) | Batting: LHB Jeff Daniels | 0-0: Ball 1-0: Foul Ball, location: 2F 1-1: Ball 2-1: Ball 3-1: Foul Ball, location: 2F 3-2: Foul Ball, location: 2F 3-2: Foul Ball, location: 2F 3-2: Foul Ball, location: 2F 3-2: Strikes out swinging | Batting: LHB Paul Mullins | 0-0: Foul Ball, location: 2F 0-1: Swinging Strike 0-2: Ball 1-2: Foul Ball, location: 2F 1-2: Strikes out swinging | Bottom of the 3rd over - 1 run, 1 hit, 0 errors, 0 left on base; Vista 0 - Portland 1 | TOP OF THE 4TH |
---|
Vista Panthers batting - Pitching for Portland Cards : RHP Manuel Fuentes | Batting: RHB Phil Matthews | 0-0: Ball 1-0: Fly out, F8 (Flyball, 78M) | Batting: LHB Dante Owens | 0-0: DOUBLE (Line Drive, 8RXD) | Batting: SHB Juan Castro | 0-0: Foul Ball, location: 2F 0-1: Ball 1-1: Swinging Strike 1-2: DOUBLE (Line Drive, 7D) Dante Owens scores | Batting: LHB Noriaki Sangi | 0-0: Ball 1-0: Ball 2-0: Ball 3-0: Called Strike 3-1: SINGLE (Line Drive, 34D) Juan Castro to third | Batting: RHB Cisco Gatán | 0-0: Fly out, F9 (Flyball, 9S) | Batting: RHB Griswold Coleman | 0-0: Fly out, F8 (Line Drive, 8RM) | Top of the 4th over - 1 run, 3 hits, 0 errors, 2 left on base; Vista 1 - Portland 1 | BOTTOM OF THE 4TH |
---|
Portland Cards batting - Pitching for Vista Panthers : RHP Dillon Nelson | Batting: RHB Aaron Scott | 0-0: Called Strike 0-1: Ball 1-1: Called Strike 1-2: Foul Ball, location: 2F 1-2: Strikes out swinging | Batting: LHB Chance Santry | 0-0: Ball 1-0: Fly out, F5 (Popup, 56) | Batting: RHB Jesús Gutiérrez | 0-0: Called Strike 0-1: SINGLE (Groundball, 6MD) | Batting: RHB Mario Méndez | 0-0: Ball 1-0: Ball 2-0: Called Strike 2-1: Ball 3-1: Swinging Strike 3-2: Strikes out swinging | Bottom of the 4th over - 0 runs, 1 hit, 0 errors, 1 left on base; Vista 1 - Portland 1 | TOP OF THE 5TH |
---|
Vista Panthers batting - Pitching for Portland Cards : RHP Manuel Fuentes | Batting: RHB Carlos García | 0-0: Foul Ball, location: 2F 0-1: Ball 1-1: Called Strike 1-2: Ball 2-2: Foul Ball, location: 2F 2-2: Ball 3-2: Fly out, F9 (Flyball, 89S) | Batting: LHB Ramiro Martínez | 0-0: SINGLE (Line Drive, 9S) | Batting: RHB Justin Burgess | 0-0: Ball 1-0: Ball 2-0: Called Strike 2-1: Ball 3-1: Base on Balls Ramiro Martínez to second | Batting: RHB Phil Matthews | 0-0: Foul Ball, location: 2F 0-1: Ball 1-1: Fly out, F8 (Flyball, 8RD) | Batting: LHB Dante Owens | 0-0: Called Strike 0-1: Called Strike 0-2: Ground out 5-3 (Groundball, 15S) | Top of the 5th over - 0 runs, 1 hit, 0 errors, 2 left on base; Vista 1 - Portland 1 | BOTTOM OF THE 5TH |
---|
Portland Cards batting - Pitching for Vista Panthers : RHP Dillon Nelson | Batting: RHB Willie Houk | 0-0: Ball 1-0: Called Strike 1-1: Fly out, F5 (Popup, 5F) | Batting: LHB Troy Donaldson | 0-0: Ball 1-0: Ball 2-0: Called Strike 2-1: Called Strike 2-2: Foul Ball, location: 2F 2-2: Fly out, F9 (Flyball, 9LMF) | Batting: RHB António Zúñiga | 0-0: Ball 1-0: SINGLE (Groundball, 34D) | Batting: LHB Jeff Daniels | 0-0: Called Strike 0-1: Foul Ball, location: 2F 0-2: Foul Ball, location: 2F 0-2: Ball 1-2: Ball 2-2: Ground out 4-3 (Groundball, 34) | Bottom of the 5th over - 0 runs, 1 hit, 0 errors, 1 left on base; Vista 1 - Portland 1 | TOP OF THE 6TH |
---|
Vista Panthers batting - Pitching for Portland Cards : RHP Manuel Fuentes | Batting: SHB Juan Castro | 0-0: Swinging Strike 0-1: Ball 1-1: Ball 2-1: Ball 3-1: Foul Ball, location: 2F 3-2: Foul Ball, location: 2F 3-2: Strikes out swinging | Batting: LHB Noriaki Sangi | 0-0: Called Strike 0-1: Ball 1-1: Ball 2-1: Ball 3-1: Foul Ball, location: 2F 3-2: Foul Ball, location: 2F 3-2: Ground out U3 (Groundball, 3S) | Batting: RHB Cisco Gatán | 0-0: Foul Ball, location: 2F 0-1: Ball 1-1: Foul Ball, location: 2F 1-2: Ground out 4-3 (Groundball, 4) | Top of the 6th over - 0 runs, 0 hits, 0 errors, 0 left on base; Vista 1 - Portland 1 | BOTTOM OF THE 6TH |
---|
Portland Cards batting - Pitching for Vista Panthers : RHP Dillon Nelson | Batting: LHB Paul Mullins | 0-0: Called Strike 0-1: Called Strike 0-2: Ball 1-2: Ball 2-2: Foul Ball, location: 2F 2-2: Foul Ball, location: 2F 2-2: Foul Ball, location: 2F 2-2: Foul Ball, location: 2F 2-2: Strikes out swinging | Batting: RHB Aaron Scott | 0-0: Ball 1-0: Ground out 4-3 (Groundball, 4) | Batting: LHB Chance Santry | 0-0: Ball 1-0: Ball 2-0: Ground out 1-3 (Groundball, 13S) | Bottom of the 6th over - 0 runs, 0 hits, 0 errors, 0 left on base; Vista 1 - Portland 1 | TOP OF THE 7TH |
---|
Vista Panthers batting - Pitching for Portland Cards : RHP Manuel Fuentes | Batting: RHB Griswold Coleman | 0-0: Foul Ball, location: 2F 0-1: Ball 1-1: Fly out, F7 (Flyball, 7S) | Batting: RHB Carlos García | 0-0: Ball 1-0: Ball 2-0: Called Strike 2-1: Swinging Strike 2-2: Foul Ball, location: 2F 2-2: Foul Ball, location: 2F 2-2: Foul Ball, location: 2F 2-2: Foul Ball, location: 2F 2-2: Foul Ball, location: 2F 2-2: Ball 3-2: Base on Balls | Pitching: LHP José Garza | | Pinch Hitting: RHB Luis Ríos | 0-0: Ground out U3 (Groundball, 3) Carlos García to second | Batting: RHB Justin Burgess | 0-0: Ball 1-0: Foul Ball, location: 2F 1-1: Ground out 6-3 (Groundball, 6M) | Top of the 7th over - 0 runs, 0 hits, 0 errors, 1 left on base; Vista 1 - Portland 1 | BOTTOM OF THE 7TH |
---|
Portland Cards batting - Pitching for Vista Panthers : RHP Dillon Nelson | Pitching: LHP António Martínez | | Now in LF: Johnny Williams | | Batting: RHB Jesús Gutiérrez | 0-0: Ball 1-0: Ball 2-0: Called Strike 2-1: Called Strike 2-2: Foul Ball, location: 2F 2-2: Ground out 6-3 (Groundball, 6) | Batting: RHB Mario Méndez | 0-0: Foul Ball, location: 2F 0-1: Ball 1-1: Ball 2-1: Called Strike 2-2: Ball 3-2: Ground out 6-3 (Groundball, 6) | Pinch Hitting: RHB Eugene Gill | 0-0: Called Strike 0-1: Swinging Strike 0-2: Foul Ball, location: 2F 0-2: Strikes out swinging | Bottom of the 7th over - 0 runs, 0 hits, 0 errors, 0 left on base; Vista 1 - Portland 1 | TOP OF THE 8TH |
---|
Vista Panthers batting - Pitching for Portland Cards : LHP José Garza | Now at 2B: Eugene Gill | | Batting: RHB Phil Matthews | 0-0: Called Strike 0-1: Swinging Strike 0-2: Foul Ball, location: 2F 0-2: Ball 1-2: Strikes out swinging | Batting: LHB Dante Owens | 0-0: Ball 1-0: Ball 2-0: Called Strike 2-1: Foul Ball, location: 2F 2-2: Foul Ball, location: 2F 2-2: Fly out, F7 (Flyball, 78S) | Batting: SHB Juan Castro | 0-0: Called Strike 0-1: Called Strike 0-2: Ball 1-2: Ground out 5-3 (Groundball, 56S) | Top of the 8th over - 0 runs, 0 hits, 0 errors, 0 left on base; Vista 1 - Portland 1 | BOTTOM OF THE 8TH |
---|
Portland Cards batting - Pitching for Vista Panthers : LHP António Martínez | Pitching: RHP David Simpson | | Batting: LHB Troy Donaldson | 0-0: Called Strike 0-1: Called Strike 0-2: DOUBLE (Line Drive, 7D) | Batting: RHB António Zúñiga | 0-0: Called Strike 0-1: Ground out U3 (Groundball, 34) Troy Donaldson to third | Batting: LHB Jeff Daniels | 0-0: Intentional Walk | Batting: LHB Paul Mullins | 0-0: Ball 1-0: Swinging Strike 1-1: Foul Ball, location: 2F 1-2: Strikes out swinging | Batting: RHB Aaron Scott | 0-0: Called Strike 0-1: SINGLE (Groundball, 4D) Troy Donaldson scores Jeff Daniels to second | Batting: LHB Chance Santry | 0-0: Called Strike 0-1: Ball 1-1: SINGLE (Groundball, 34D) Jeff Daniels to third Aaron Scott to second | Batting: RHB Jesús Gutiérrez | 0-0: SINGLE (Groundball, 6MD) Jeff Daniels scores Aaron Scott to third Chance Santry to second Runner from 3rd tries for Home, SAFE, no throw | Batting: RHB Mario Méndez | 0-0: Fielders Choice at 2nd, 6-4 (Groundball, 6) | Bottom of the 8th over - 3 runs, 4 hits, 0 errors, 2 left on base; Vista 1 - Portland 4 | TOP OF THE 9TH |
---|
Vista Panthers batting - Pitching for Portland Cards : LHP José Garza | Pitching: LHP Valentín Reséndez | | Batting: LHB Noriaki Sangi | 0-0: Ball 1-0: Ball 2-0: Foul Ball, location: 2F 2-1: Ball 3-1: Foul Ball, location: 2F 3-2: Ground out 3-1 (Groundball, 34) | Batting: RHB Cisco Gatán | 0-0: Ball 1-0: Ball 2-0: SINGLE (Line Drive, 34D) | Batting: RHB Griswold Coleman | 0-0: Ball 1-0: Ball 2-0: Fly out, F4 (Line Drive, 4) | Now at 2B: Jared Thompson | | Batting: RHB Carlos García | 0-0: Called Strike 0-1: Ball 1-1: Fielders Choice at 2nd, 6-4 (Groundball, 6) | Top of the 9th over - 0 runs, 1 hit, 0 errors, 1 left on base; Vista 1 - Portland 4 | |